 Dungeon Crawl Stone Soup version 0.26-a0-631-ged93497179 (webtiles) character file.

Game seed: 8123532565718501558

75 MarredHen the Bolt Thrower (level 4, -2/27 HPs)
             Began as a Kobold Hunter on Sept 12, 2020.
             Was an Initiate of Okawaru.
             Slain by a gnoll
             ... wielding a +0 spear
              (4 damage)
             ... on level 3 of the Dungeon.
             The game lasted 00:06:03 (2398 turns).

MarredHen the Bolt Thrower (Kobold Hunter)          Turns: 2398, Time: 00:06:04

Health: -2/27      AC:  3    Str:  9    XL:     4   Next: 55%
Magic:  4/4        EV: 15    Int: 12    God:    Okawaru [......]
Gold:   166        SH:  0    Dex: 16    Spells: 3/3 levels left

rFire    . . .     SeeInvis .   k - +0 dagger (venom)
rCold    . . .     Faith    .   (shield restricted)
rNeg     + . .     Spirit   .   c - +0 leather armour
rPois    +         Reflect  .   (no helmet)
rElec    .         Harm     .   (no cloak)
rCorr    .         Rampage  .   (no gloves)
MR       .....                  (no boots)
Stlth    +++.......             (no amulet)
HPRegen  0.09/turn              h - ring of positive energy
MPRegen  0.09/turn              n - ring of poison resistance

@: flying
A: small, nightstalker 3
a: Renounce Religion


You were on level 3 of the Dungeon.
You worshipped Okawaru.
Okawaru was noncommittal.
You visited 1 branch of the dungeon, and saw 3 of its levels.

You collected 166 gold pieces.

Inventory:

Hand Weapons
 a - a +1 hand crossbow
 b - a +0 short sword
 g - a +0 long sword
 k - a +0 dagger of venom (weapon)
Armour
 c - a +0 leather armour (worn)
Jewellery
 h - a ring of positive energy (left hand)
 n - a ring of poison resistance (right hand)
Scrolls
 j - a scroll of teleportation
 l - a scroll of amnesia
 q - a scroll of enchant weapon
Potions
 e - a potion of flight
 f - 2 potions of curing {unknown}
 i - 2 potions of brilliance {unknown}
 m - 2 potions of resistance {unknown}
 o - a potion of might {unknown}
 r - a potion of ambrosia {unknown}


   Skills:
 + Level 2.8 Fighting
 + Level 6.1 Crossbows
 - Level 0.2 Armour
 + Level 3.0 Dodging
 + Level 1.9 Stealth


You had 3 spell levels left.
You didn't know any spells.
Your spell library was empty.

Dungeon Overview and Level Annotations

Branches:
Dungeon (3/15)

Altars:
Okawaru


Innate Abilities, Weirdness & Mutations

You are small and have problems with some larger weapons.
You are completely attuned to the shadows.


Message History

You hit the gnoll but do no damage.
The gnoll is moderately wounded.
The gnoll barely misses you. The gnoll hits you with a +0 whip!
You hit the gnoll but do no damage.
The gnoll is poisoned.
The gnoll is moderately wounded.
The gnoll misses you.
The gnoll hits you from afar with a +0 spear.
You closely miss the gnoll.
The gnoll is moderately wounded.
The gnoll closely misses you.
The gnoll hits you from afar with a +0 spear!
* * * LOW HITPOINT WARNING * * *
You hit the gnoll.
The gnoll looks as sick as possible!
The gnoll is heavily wounded.
The gnoll barely misses you. The gnoll hits you but does no damage.
It was a potion of flight.
You feel very buoyant.
You fly up into the air.
The gnoll completely misses you.
The gnoll hits you from afar with a +0 spear.
You die...

# #.# #.# #.# # #.#
## #.# .## #.## ..##
#..##
...####...#########((
...'............@gg..
...####...#########..
..## ##.### .## #...#
## ###.# # #.#
####### #.# #.....#
#.# #.###.# #.#


You could see 2 gnolls.

Vanquished Creatures
  2 gnolls (D:3)
  A worm (D:2)
  A leopard gecko (D:1)
  An orc (D:3)
  3 ball pythons
  5 bats
  5 giant cockroaches
  7 goblins
  4 hobgoblins
  4 frilled lizards (D:1)
  10 kobolds
  4 rats
47 creatures vanquished.

Notes
Turn   | Place    | Note
-------+----------+-------------------------------------------
     0 | D:1      | MarredHen the Kobold Hunter began the quest for the Orb.
     0 | D:1      | Reached XP level 1. HP: 12/12 MP: 1/1
   192 | D:1      | Reached skill level 5 in Crossbows
   244 | D:1      | Reached XP level 2. HP: 17/17 MP: 2/2
   378 | D:1      | Found an iron altar of Okawaru.
   452 | D:1      | Became a worshipper of Warmaster Okawaru
   544 | D:1      | Reached XP level 3. HP: 22/22 MP: 3/3
  2012 | D:2      | Reached XP level 4. HP: 13/27 MP: 4/4
  2212 | D:3      | Reached skill level 6 in Crossbows
  2398 | D:3      | Slain by a gnoll

Illustrated notes

Levels and vault maps discovered:
D:1:      wheals_arrival_linesprint, layout_basic, okawaru_ov_weapons_minmay
D:2:      layout_loops_ring, minmay_goblin_kobold_house
D:3:      layout_loops_corners, xom_teletrap_fun

Skill      XL: |  1  2  3  4 |
---------------+-------------+-----
Crossbows      | 5 6 |  6.1
Dodging        | 3 |  3.0
Fighting       | |  2.8
Armour         | |  0.2
Stealth        | |  1.9

Action                   |  1- 3 |  4- 6 || total
-------------------------+-------+-------++-------
Melee: Dagger            |    10 |     4 ||    14
 Fire: Hand crossbow     |    94 |    19 ||   113
  Use: Scroll            |     1 |     3 ||     4
       Potion            |       |     1 ||     1
Armor: Leather armour    |    11 |     1 ||    12
Dodge: Dodged            |    41 |    11 ||    52

Table legend: (Time is in decaauts)
 A = Elapsed time spent in this place.
 B = Non-inter-level travel time spent in this place.
 C = Inter-level travel time spent in this place.
 D = Time resting spent in this place.
 E = Time spent auto-exploring this place.
 F = Levels seen in this place.
 G = Mean time per level.
                   A        B        C        D        E       F      G
               +--------+--------+--------+--------+--------+-----+--------+
         Total |   2420 |   2364 |     56 |      0 |   2073 |   3 |  806.7 |
       Dungeon |   2420 |   2364 |     56 |      0 |   2073 |   3 |  806.7 |
               +--------+--------+--------+--------+--------+-----+--------+

Top non-repeatable levels by time:
     D:2: 1240 daAuts
     D:1: 972 daAuts
     D:3: 207 daAuts
